Unix NetHack Version 5.0.0-0 post-release - last build May 10 2026 23:12:36 (d1fa5d53e341ca933230fdaa984d921c805b60aa,branch:main).

Game began 2026-05-14 01:33:13, ended 2026-05-14 01:40:19.

IanCurtis, chaotic male elven Wizard

 --------------
 |............---
 |..........| ..|
 --------...| -.--
        |...---..-------
       --............*.--- ----
     ---.)..-[--.........---..|
     |.....--  --.............|
     |.....|   --...........#--
     ---..-|----.............*-h
       --..--.............--..@
     -- |).........--.|..----G-#
 -- --.--.....---<.|---#.|  |..-#
 |............| --#-  #-.|  --..
 --...........|       | .|    ...
  ---.|.----..--       ---     ...
    ----   |..*---             .....
           |.....|             .....|
           --....|              ..|.|
            ---.--              .----
               --               --
IanCurtis the Conjurer    St:9 Dx:10 Co:16 In:18 Wi:12 Ch:10  Chaotic
Dlvl:3  $:192 HP:0(29) Pw:41(51) AC:9  Xp:4 T:978  Hungry  

Latest messages:
 K - an iron skull cap.
 You see here a jackal corpse.
 You hit the newt.
 The newt bites!
 You kill the newt!
 You hear bubbling water.
 You kill the jackal!
 You descend the stairs.
 You hear crashing rock.
 You hear crashing rock.
 You hear crashing rock.
 You hear crashing rock.
 You see here a stained spellbook.
 L - a stained spellbook.
 You see here 2 red gems.
 You kill the gnome!
 Welcome to experience level 3.
 The gnome lord throws 2 darts!
 You are almost hit by the 1st dart.
 You are hit by the 2nd dart.
 In what direction? k
 The spell hits the gnome lord!
 You kill the gnome lord!
 You see here 3 darts.
 You hear crashing rock.
 You hear crashing rock.
 The dwarf swings her broad pick.
 The dwarf hits!
 In what direction? n
 The spell hits the dwarf!
 You kill the dwarf!
 There are several objects here.
 You kill the gnome!
 You hear crashing rock.
 You see here a yellow gem.
 You are beginning to feel hungry.
 You kill the gnome!
 Welcome to experience level 4.
 You feel awake!
 You see here a red gem.
 The dwarf swings her broad pick.
 The dwarf hits!
 You are carrying too much to get through.
 In what direction? u
 The spell misses the dwarf.
 The gnomish wizard points at you, then curses.
 The dwarf swings her broad pick.
 The dwarf hits!
 You die...
 Do you want your possessions identified? [ynq] (y) q

Inventory:
 Coins    ('$')
  $ - 192 gold pieces
 Weapons  (')')
  a - a blessed +1 quarterstaff (weapon in hands)
 Armor    ('[')
  K - an uncursed +0 orcish helm
  b - an uncursed +0 cloak of magic resistance (being worn)
 Comestibles  ('%')
  t - an uncursed food ration
  y - an uncursed lembas wafer
  s - an uncursed lichen corpse
 Scrolls  ('?')
  q - an uncursed scroll of amnesia
  j - an uncursed scroll of enchant armor
  k - 2 uncursed scrolls of enchant weapon
  i - an uncursed scroll of genocide
  p - an uncursed scroll of light
  z - a cursed scroll of light
 Spellbooks  ('+')
  r - an uncursed spellbook of chain lightning
  u - an uncursed spellbook of cure sickness named uncursed
  l - a blessed spellbook of force bolt
  L - an uncursed spellbook of invisibility
  m - an uncursed spellbook of remove curse
 Potions  ('!')
  g - an uncursed potion of extra healing
  v - a blessed potion of hallucination
  x - an uncursed potion of hallucination
  f - 3 uncursed potions of healing
  G - an uncursed potion of oil
  h - an uncursed potion of water
 Rings    ('=')
  d - an uncursed ring of cold resistance
  w - an uncursed ring of shock resistance
  e - an uncursed ring of warning
 Wands    ('/')
  c - a wand of create monster (0:14)
  F - a wand of make invisible (0:7)
 Tools    ('(')
  o - an uncursed tooled horn
  J - a magic marker (0:57)
  n - a magic marker (0:20)

IanCurtis the Wizard's attributes:

Background:
 You were a Conjurer, a level 4 male elven Wizard.
 You were chaotic, on a mission for Anhur
 who was opposed by Ptah (lawful) and Thoth (neutral).
 You were left-handed.
 You were in the Gnomish Mines, on level 3.
 You entered the dungeon 978 turns ago.
 It was nighttime.
 You had 82 experience points, 78 more were needed to attain level 5.

Basics:
 You had 0 out of 29 hit points.
 You had 41 out of 51 energy points (spell power).
 Your armor class was 9.
 Your wallet contained 192 zorkmids.
 Autopickup was off.

Final Characteristics:
 Your strength was 9 (limit:18).
 Your dexterity was 10 (limit:18).
 Your constitution was 16 (limit:16).
 Your intelligence was 18 (limit:20).
 Your wisdom was 12 (limit:20).
 Your charisma was 10 (limit:18).

Final Status:
 You were hungry.
 You were unencumbered.
 You were wielding a quarterstaff.
 You had basic skill with quarterstaff.

Final Attributes:
 You were devoutly aligned.
 You were magic-protected.
 You were sleep resistant.
 You had infravision.
 You were warded.
 You are dead.

Miscellaneous:
 You didn't encounter any bones levels.
 Total elapsed playing time was 7 minutes and 4 seconds.

Major events:
 Turn
    1: IanCurtis the chaotic male elven Wizard entered the dungeon
  892: entered the Gnomish Mines
  932: attained the rank of Conjurer (level 3)
  978: killed by a dwarf

Spells:
 Name                 Level Category     Fail Retention
 force bolt             1   attack         0%  91%-100%
 remove curse           3   clerical      79%  76%-100%
 chain lightning        2   attack         0%  91%-100%

Skills:
 Fighting Skills
   bare handed combat [Unskilled]
   riding             [Unskilled]
 Weapon Skills
   dagger             [Unskilled]
   knife              [Unskilled]
   axe                [Unskilled]
   short sword        [Unskilled]
   club               [Unskilled]
   mace               [Unskilled]
   quarterstaff       [Basic]
   polearms           [Unskilled]
   spear              [Unskilled]
   trident            [Unskilled]
   sling              [Unskilled]
   dart               [Unskilled]
   shuriken           [Unskilled]
 Spellcasting Skills
   attack spells      [Basic]
   healing spells     [Unskilled]
   divination spells  [Unskilled]
   enchantment spells [Basic]
   clerical spells    [Unskilled]
   escape spells      [Unskilled]
   matter spells      [Unskilled]

Voluntary challenges:
 Character rerolling was not enabled.
 You were an atheist.
 You never genocided any monsters.
 You never polymorphed an object.
 You never changed form.
 You used no wishes.
Achievements:
 You entered a shop.
 You entered the Gnomish Mines.
 You attained the rank of Conjurer.

 The Dungeons of Doom: levels 1 to 2
    Level 1:
    Level 2: "vault"
       A general store, a fountain.
       Stairs down to The Gnomish Mines.
 The Gnomish Mines:
    Level 3: <- You were here.
       Final resting place for
          you, killed by a dwarf.


Vanquished creatures:
  a gnome leader
  a dwarf
  2 giant rats
  3 gnomes
  8 jackals
  a kobold
  a goblin
  3 grid bugs
  4 lichens
  3 kobold zombies
  a newt
28 creatures vanquished.

No species were genocided or became extinct.

Game over:
                       ----------
                      /          \
                     /    REST    \
                    /      IN      \
                   /     PEACE      \
                  /                  \
                  |    IanCurtis     |
                  |      192 Au      |
                  |   killed by a    |
                  |      dwarf       |
                  |                  |
                  |                  |
                  |       2026       |
                 *|     *  *  *      | *
        _________)/\\_//(\/(/\)/\//\/|_)_______

Goodbye IanCurtis the Wizard...

You died in The Gnomish Mines on dungeon level 3 with 601 points,
and 192 pieces of gold, after 978 moves.
You were level 4 with a maximum of 29 hit points when you died.

